Map: Triton LE

Players

ViBE - Winner!

  • Race: Zerg Zerg
  • League: Platinum
  • Spawn Location: 5:00

PlayBook

  • Race: Zerg Zerg
  • League: Diamond
  • Spawn Location: 11:00

VOD

Have the link to the VOD?

Description

Time

  • Played on: Dec. 13, 2019, 12:02 a.m.
  • Length: 10:58
Show
View Real Time Build Order
Export as new Build Order

ViBE Zerg - Winner!

Build Orders: Hatch First, Roach Hydra 

Get SALT Encoding   

  12  0:00  Drone  
  13  0:13  Overlord  
  13  0:17  Drone  
  14  0:32  Drone x2  
  16  0:50  Hatchery  
  16  0:52  Drone  
  16  0:55  Drone  
  17  0:59  Drone  
  18  1:14  Spawning Pool  
  18  1:16  Drone  
  18  1:19  Drone  
  19  1:27  Extractor  
  19  1:31  Drone  
  19  1:46  Overlord  
  19  1:57  Drone  
  20  2:04  Queen x2  
  20  2:05  Zergling x2  
  20  2:06  Zergling x2  
  26  2:15  Drone x2  
  28  2:24  Drone x2  
  30  2:33  Overlord  
  30  2:45  Drone x2  
  30  2:46  Drone  
  30  2:50  Lair  
  33  2:51  Queen  
  33  2:56  Overlord  
  35  2:59  Drone  
  35  3:08  Drone x2  
  35  3:12  Roach Warren  
  36  3:17  Drone  
  36  3:18  Spine Crawler  
  36  3:22  Drone, Evolution Chamber  
  36  3:23  Drone x3  
  36  3:25  Drone  
  40  3:27  Drone  
  40  3:31  Drone  
  41  3:53  Evolution Chamber  
  40  3:56  Drone  
  40  3:57  Drone x9  
  40  3:58  Extractor  
  40  3:59  Extractor  
  48  4:07  Overlord  
  48  4:10  Glial Reconstitution, Zerg Missile Weapons Level 1  
  48  4:18  Roach x2  
  52  4:28  Roach x2, Overlord  
  52  4:31  Hatchery  
  55  4:39  Roach  
  57  4:53  Overseer  
  57  4:55  Roach x3  
  57  4:56  Roach  
  57  4:58  Drone x3  
  68  5:13  Overlord x5  
  68  5:30  Overlord x2  
  68  5:31  Drone x3  
  71  5:37  Queen  
  71  5:39  Zerg Ground Armor Level 1  
  73  5:44  Drone x3  
  76  5:56  Drone x2  
  76  5:57  Drone  
  79  6:13  Drone x8  
  79  6:14  Drone  
  79  6:15  Hatchery  
  79  6:17  Drone  
  79  6:18  Zerg Missile Weapons Level 2  
  88  6:28  Hydralisk Den  
  87  6:33  Extractor  
  86  6:40  Extractor  
  86  6:42  Extractor  
  86  6:43  Roach x9  
  102  6:48  Overlord  
  102  6:49  Roach  
  104  6:58  Roach x4  
  110  7:02  Roach  
  110  7:03  Roach  
  112  7:11  Roach x7  
  120  7:16  Roach  
  120  7:20  Roach x2  
  110  7:26  Roach  
  106  7:32  Drone x5  
  106  7:33  Drone  
  112  7:40  Hydralisk  
  112  7:41  Hydralisk x5  
  112  7:43  Grooved Spines  
  124  7:51  Roach x5  
  134  8:01  Roach x3  
  140  8:09  Overlord x4  
  140  8:16  Overlord x5  
  140  8:18  Hatchery  
  139  8:31  Roach  
  139  8:32  Roach x8  
  157  8:37  Zerg Ground Armor Level 2  
  157  8:41  Infestation Pit  
  157  8:42  Roach x3  
  162  8:55  Muscular Augments  
  162  8:56  Drone x2  
  162  8:57  Queen  
  166  9:05  Hydralisk x6  
  178  9:18  Hydralisk x3  
  184  9:36  Hydralisk x5  
  184  9:37  Hydralisk  
  196  9:39  Roach  
  198  9:46  Roach  
  200  9:53  Lurker Den  
  200  9:54  Drone  
  196  10:19  Roach  
  196  10:20  Roach x2  
  196  10:33  Roach x7  
  196  10:34  Roach  
  196  10:38  Extractor  
  196  10:40  Extractor  
  182  10:44  Drone  
  182  10:45  Drone x6  
Show
View Real Time Build Order
Export as new Build Order

PlayBook Zerg 

Build Orders: Hatch First, Lurkers 

Get SALT Encoding   

  12  0:01  Drone  
  13  0:13  Overlord  
  13  0:17  Drone  
  14  0:31  Drone  
  14  0:32  Drone  
  14  0:35  Drone  
  17  0:54  Hatchery  
  17  0:56  Drone  
  17  0:59  Drone  
  18  1:11  Extractor  
  18  1:15  Spawning Pool  
  18  1:17  Drone  
  17  1:20  Drone  
  18  1:29  Drone  
  19  1:42  Drone  
  20  1:51  Overlord  
  20  2:05  Drone  
  20  2:07  Queen x2  
  25  2:08  Drone  
  25  2:13  Drone  
  27  2:17  Drone  
  28  2:24  Drone  
  28  2:27  Metabolic Boost  
  29  2:30  Drone  
  29  2:34  Zergling x2  
  31  2:38  Zergling x2  
  32  2:47  Zergling x2  
  33  2:57  Overlord, Baneling Nest  
  32  3:09  Drone x2  
  32  3:12  Drone x2  
  36  3:19  Overlord  
  36  3:32  Hatchery, Drone  
  36  3:33  Drone x4  
  40  3:35  Drone  
  40  3:37  Extractor  
  40  3:48  Baneling x2  
  40  4:06  Drone  
  40  4:07  Drone x3  
  40  4:09  Queen  
  46  4:13  Drone x2  
  46  4:14  Drone  
  46  4:15  Lair, Extractor  
  47  4:19  Drone  
  47  4:23  Drone, Evolution Chamber  
  48  4:35  Drone x4  
  52  4:38  Overlord  
  52  4:39  Overlord  
  52  4:44  Roach Warren  
  51  4:57  Zerg Missile Weapons Level 1  
  51  4:59  Drone x2  
  53  5:00  Drone x3  
  53  5:01  Drone  
  57  5:16  Drone x3  
  57  5:17  Drone  
  60  5:28  Glial Reconstitution  
  60  5:31  Roach  
  60  5:32  Roach x6  
  74  5:37  Overlord x3  
  74  5:39  Overseer  
  74  5:45  Overlord x3  
  74  5:54  Queen, Overlord  
  76  5:58  Roach  
  76  5:59  Roach x3  
  84  6:15  Roach  
  84  6:16  Roach x8  
  101  6:20  Roach  
  101  6:21  Roach x2  
  107  6:26  Roach x2  
  111  6:36  Hydralisk Den  
  111  6:37  Drone x2  
  111  6:38  Drone  
  111  6:39  Extractor  
  112  6:44  Roach  
  114  6:48  Overlord  
  114  6:49  Evolution Chamber, Overlord  
  114  6:50  Roach x2  
  115  7:05  Roach x8  
  129  7:15  Roach x5  
  129  7:20  Roach x3  
  121  7:29  Roach  
  121  7:30  Roach x3  
  121  7:34  Drone  
  121  7:36  Extractor x2  
  114  7:51  Roach x6  
  126  8:03  Roach  
  122  8:07  Roach x5  
  132  8:14  Drone  
  132  8:15  Drone x4  
  132  8:16  Drone x3  
  140  8:31  Pneumatized Carapace  
  140  8:37  Lurker Den  
  140  8:39  Drone  
  140  8:40  Drone  
  140  9:03  Zerg Ground Armor Level 1  
  140  9:09  Drone  
  141  9:17  Hatchery  
  140  9:25  Drone  
  140  9:27  Nydus Network  
  140  9:28  Infestation Pit  
  140  9:31  Extractor  
  138  9:32  Overlord x6  
  138  9:33  Hydralisk  
  138  9:34  Hydralisk x3  
  146  9:46  Overseer  
  146  9:53  Hydralisk x4  
  146  9:54  Hydralisk x5  
  146  9:58  Hydralisk  
  150  10:19  Lurker x2  
  150  10:20  Lurker  
  135  10:23  Lurker  
  130  10:31  Roach x4  
  130  10:32  Roach  
  122  10:37  Zergling x24  
Tags
 
Matchup
ZvZ
Race
Zerg
Replay Pack
Zerg
Spawn Locations
Cross Positions
Add a new tag
Caveats
  • Supply blocks, unpowered buildings, or Contaminate may cause inaccurate times.
  • Supply counts are checked every 10 seconds.